 Dungeon Crawl Stone Soup version 0.30-a0-939-gc8157cb160 (webtiles) character file.

Game seed: 17273848001728384076

130 coolguy69 the Cutter (level 5, -1/27 HPs)
             Began as a Vine Stalker Monk on Aug 3, 2022.
             Succumbed to a scorpion's poison
             ... on level 4 of the Dungeon on Mar 25, 2023.
             The game lasted 00:03:48 (2982 turns).

coolguy69 the Cutter (Vine Stalker Monk)            Turns: 2982, Time: 00:03:49

Health: -1/27      AC:  7    Str: 15    XL:     5   Next: 14%
Magic:  1/6        EV: 11    Int: 10    God:
Gold:   111        SH:  0    Dex: 17    Spells: 4/4 levels left

rFire   . . .      SeeInvis .    a - +0 short sword
rCold   . . .      Faith    .    (no shield)
rNeg    + . .      Spirit   +    n - +1 ring mail {rN+}
rPois   .          Reflect  .    (no helmet)
rElec   .          Rampage  .    l - +0 cloak
rCorr   .                        (no gloves)
Will    .....                    (no boots)
Stlth   ++                       (no amulet)
HPRegen 1.04/turn                (no ring)
MPRegen 0.10/turn                (no ring)

@: lethally poisoned (-1 -> -6)
A: fangs 2, regeneration 1, magic shield, antimagic bite, no potion heal 2
a: no special abilities


You were on level 4 of the Dungeon.
You visited 1 branch of the dungeon, and saw 4 of its levels.

You collected 111 gold pieces.

Inventory:

Hand Weapons
 a - a +0 short sword (weapon)
Missiles
 r - a throwing net (quivered)
Armour
 l - a +0 cloak (worn)
 m - a +0 leather armour
 n - a +1 ring mail of positive energy (worn)
Jewellery
 e - a ring of flight
Scrolls
 f - 3 scrolls of identify {unknown}
 j - 2 scrolls of teleportation {unknown}
 o - a scroll of torment {unknown}
 p - a scroll of immolation {unknown}
 q - a scroll of amnesia {unknown}
Potions
 b - 2 potions of curing {unknown}
 c - a potion of ambrosia
 d - 2 potions of lignification {unknown}
 g - 3 potions of heal wounds {unknown}
 h - a potion of cancellation {unknown}
 i - 2 potions of degeneration {unknown}
 k - 2 potions of attraction {unknown}


   Skills:
 - Level 2.6 Fighting
 + Level 5.1 Short Blades
 - Level 2.4 Dodging
 - Level 2.4 Stealth


You had 4 spell levels left.
You didn't know any spells.
Your spell library contained the following spells:

 Spells                   Type           Power      Damage    Failure   Level
 Lesser Beckoning         Tloc           0%         N/A       75%         2
 Gell's Gravitas          Tloc           0%         N/A       92%         3
 Teleport Other           Tloc           0%         N/A       92%         3


Dungeon Overview and Level Annotations

Branches:
Dungeon (4/15)             Temple (0/1) D:4

Altars:
Yredelemnul

Shops:
D:1 [   D:2 :[?(


Innate Abilities, Weirdness & Mutations

You have extremely sharp teeth.
Your natural rate of healing is unusually fast.
When hurt, damage is shared between your health and your magic reserves.
Your bite disrupts and absorbs the magic of your enemies.
Potions cannot restore your health.


Message History

You feel sick. The scorpion barely misses you.
You hit the scorpion but do no damage. Your bite misses the scorpion.
The scorpion is moderately wounded.
You feel sick. The scorpion closely misses you.
You barely miss the scorpion.
The scorpion is moderately wounded.
The scorpion closely misses you.
You hit the scorpion. Your bite misses the scorpion.
The scorpion is heavily wounded.
You feel sick. The scorpion stings you.
You are more poisoned.
The scorpion poisons you!
You hit the scorpion. Your bite misses the scorpion.
The scorpion is heavily wounded.
You feel very sick. The scorpion closely misses you.
You are too injured to fight recklessly!
You are too injured to fight recklessly!
You are too injured to fight recklessly!
You are too injured to fight recklessly!
You are too injured to fight recklessly!
You are too injured to fight recklessly!
You are too injured to fight recklessly!
You are too injured to fight recklessly!
Okay, then.
Unknown command.
You feel very sick.
You feel sick. The scorpion attacks as you move away! The scorpion stings you.
* * * LOW HITPOINT WARNING * * *
You are lethally poisoned!
The scorpion poisons you!
* * * LOW HITPOINT WARNING * * *
You feel very sick. The scorpion attacks as you move away!
The scorpion barely misses you.
* * * LOW HITPOINT WARNING * * *
You feel very sick. The scorpion stings you.
* * * LOW HITPOINT WARNING * * *
You die... #.# #.
P.P

#.# #. ##.### #.# #.
#...#P##.# #.
..>......# #.
#...#P#..# #####.
##.## ##.# #...#.
#P.P# #.#####.#.#.
#.@## #.......#...
#.#.##############.
...#s............)..
#####.##############.
#.# #. #.# #( #.# #.
#.# #. #.# ##


You could see a scorpion.

Vanquished Creatures
  6 adders (D:3)
  2 adder zombies (D:3)
  4 dart slugs
  An orc (D:4)
  8 endoplasms
  A giant cockroach (D:3)
  2 goblins (D:2)
  A hobgoblin (D:2)
  11 jackals
  2 kobolds
  3 quokkas
  9 ball pythons
  3 bats
  3 frilled lizards
  6 rats
62 creatures vanquished.

Vanquished Creatures (others)
  A plant (D:4)
1 creature vanquished.

Grand Total: 63 creatures vanquished

Notes
Turn   | Place    | Note
-------+----------+-------------------------------------------
     0 | D:1      | coolguy69 the Vine Stalker Monk began the quest for the
                  | Orb.
     0 | D:1      | Reached XP level 1. HP: 11/11 MP: 2/2
     0 | D:1      | Upgraded the game from 0.29-a0-994-gc5c9f59d18 to
                  | 0.30-a0-939-gc8157cb160
     2 | D:1      | Noticed a ghoul
     2 | D:1      | Noticed a formicid
     4 | D:1      | Noticed a demigod
     4 | D:1      | Noticed a naga
     6 | D:1      | Noticed a tengu
     8 | D:1      | Noticed a minotaur
     8 | D:1      | Noticed a troll
    10 | D:1      | Noticed a vine stalker
    12 | D:1      | Noticed a draconian
    12 | D:1      | Noticed a felid
    14 | D:1      | Noticed a human
    18 | D:1      | Noticed an elf
    18 | D:1      | Noticed a merfolk
    20 | D:1      | Noticed a demonspawn
    20 | D:1      | Noticed a vampire
    22 | D:1      | Noticed a dwarf
    22 | D:1      | Noticed a gargoyle
    24 | D:1      | Noticed a spriggan
    24 | D:1      | Noticed an ogre
    26 | D:1      | Noticed an octopode
    47 | D:1      | Reached skill level 3 in Short Blades
   362 | D:1      | Reached XP level 2. HP: 16/16 MP: 3/3
   919 | D:1      | Found Xastaim's Antique Armour Boutique.
  1009 | D:2      | Reached XP level 3. HP: 19/19 MP: 4/4
  1088 | D:2      | Found Nuwkawk's Antique Weapon Boutique.
  1172 | D:2      | Found Acvigg's Magic Scroll Shoppe.
  1453 | D:2      | Reached skill level 4 in Short Blades
  1470 | D:2      | Found Olasesix's Antique Armour Shoppe.
  1516 | D:2      | Found Wuth's Book Emporium.
  2052 | D:3      | Gained mutation: Your natural rate of healing is unusually
                  | fast. [Vine Stalker growth]
  2052 | D:3      | Reached XP level 4. HP: 23/23 MP: 5/5
  2128 | D:3      | Found a basalt altar of Yredelemnul.
  2600 | D:3      | Reached skill level 5 in Short Blades
  2600 | D:3      | Reached XP level 5. HP: 25/27 MP: 6/6
  2913 | D:4      | Found a staircase to the Ecumenical Temple.
  2981 | D:4      | HP: 1/27 [scorpion (1)]
  2982 | D:4      | Succumbed to a scorpion's poison

Illustrated notes

Levels and vault maps discovered:
D:1:      kb_arrival_jail, layout_basic, serial_shops, nicolae_shop_waterfront
D:2:      layout_basic, serial_shops, nicolae_lakefront_shop, shop,
          nicolae_shop_crystal, nicolae_shop_behind_doors
D:3:      layout_loops_ring, lemuel_zombie_altar_yredelemnul, grunt_decor_cap,
          chequers_arboretum
D:4:      layout_basic, minmay_temple_entry_gardened_gates

Skill      XL: |  1  2  3  4 |
---------------+-------------+-----
Short Blades   | 3 4 5 |  5.1
Fighting       | |  2.6
Dodging        | |  2.4
Stealth        | |  2.4

Action                     |  1- 3 |  4- 6 || total
---------------------------+-------+-------++-------
  Melee: Short sword       |   122 |    88 ||   210
         Bite              |    23 |    22 ||    45
         Punch             |       |     1 ||     1
   Stab: Sleeping          |     8 |     2 ||    10
 Armour: Robe              |    26 |       ||    26
         Leather armour    |     8 |    11 ||    19
         Ring mail         |       |    24 ||    24
  Dodge: Dodged            |    82 |    46 ||   128

Table legend: (Time is in decaauts)
 A = Elapsed time spent in this place.
 B = Non-inter-level travel time spent in this place.
 C = Inter-level travel time spent in this place.
 D = Time resting spent in this place.
 E = Time spent auto-exploring this place.
 F = Levels seen in this place.
 G = Mean time per level.
                   A        B        C        D        E       F      G
               +--------+--------+--------+--------+--------+-----+--------+
         Total |   2937 |   2842 |     95 |    236 |   2106 |   4 |  734.2 |
       Dungeon |   2937 |   2842 |     95 |    236 |   2106 |   4 |  734.2 |
               +--------+--------+--------+--------+--------+-----+--------+

Top non-repeatable levels by time:
     D:2: 982 daAuts
     D:1: 949 daAuts
     D:3: 782 daAuts
     D:4: 223 daAuts
